 Dungeon Crawl Stone Soup version 0.31.0-9-g3a7656b989 (webtiles) character file.

Game seed: 16910124494023742304

570 qw the Skirmisher (level 7, -4/40 HPs)
             Began as a Deep Elf Hunter on Feb 2, 2024.
             Slain by a water moccasin (7 damage)
             ... on level 5 of the Dungeon.
             The game lasted 00:00:13 (2937 turns).

qw the Skirmisher (Deep Elf Hunter)                 Turns: 2937, Time: 00:00:13

Health: -4/40      AC: 17    Str: 15    XL:     7   Next: 11%
Magic:  9/9        EV: 12    Int: 10    God:
Gold:   170        SH:  5    Dex: 18    Spells: 6/6 levels left

rFire   + + +        a - +0 shortbow
rCold   . . .        (shield currently unavailable)
rNeg    . . .        h - +0 ring mail
rPois   .            (no helmet)
rElec   .            b - +4 cloak "Icoxyses" {rF+++ Str+5 Int-4 Stlth+}
rCorr   .            e - +1 pair of gloves
SInv    .            i - +0 pair of boots
Will    .....        f - amulet of reflection
Stlth   ++           l - +4 ring of protection
HPRegen 0.26/turn    (no ring)
MPRegen 0.11/turn

%: reflection
@: lethally poisoned (-4 -> -8)
A: no striking features
a: no special abilities


You were on level 5 of the Dungeon.
You visited 1 branch of the dungeon, and saw 5 of its levels.

You collected 170 gold pieces.


   Skills:
 - Level 2.5 Fighting
 + Level 10.1 Ranged Weapons
 - Level 1.7 Armour
 - Level 3.0 Dodging
 - Level 1.2 Stealth


You had 6 spell levels left.
You didn't know any spells.
Your spell library was empty.

Inventory:

Hand Weapons
 a - a +0 shortbow (weapon)
Armour
 b - the +4 cloak "Icoxyses" (worn) {rF+++ Str+5 Int-4 Stlth+}
   (You found it on level 2 of the Dungeon)

   Str+5:     It affects your strength (+5).
   Int-4:     It affects your intelligence (-4).
   rF+++:     It renders you almost immune to fire.
   Stlth+:    It makes you more stealthy.
 e - a +1 pair of gloves (worn)
 h - a +0 ring mail (worn)
 i - a +0 pair of boots (worn)
Jewellery
 f - an amulet of reflection (around neck)
 l - a +4 ring of protection (left hand)
Wands
 p - a wand of iceblast (7)
Potions
 g - 2 potions of mutation
 j - 2 potions of enlightenment
 k - a potion of haste
 o - a potion of resistance
 q - a potion of heal wounds {unknown}

Dungeon Overview and Level Annotations

Branches:
Dungeon (5/15)
 Temple: D:4-7

Altars:
Ashenzari
Cheibriados
Nemelex Xobeh
Ru
Trog
Xom


Message History

The hound bites you but does no damage.
You shoot an arrow. The arrow hits the hound!
The hound is severely wounded.
You block the hound's attack. The hound closely misses you.
You shoot an arrow. The arrow misses the hound.
The arrow hits the water moccasin.
The water moccasin is lightly wounded.
The hound closely misses you.
You shoot an arrow. The arrow hits the hound.
The hound is almost dead.
The hound bites you but does no damage. The hound barely misses you.
You shoot an arrow. The arrow hits the hound.
You kill the hound!
The water moccasin closely misses you.
Your Ranged Weapons skill increases to level 10!
You shoot an arrow. The arrow hits the water moccasin.
The water moccasin is lightly wounded.
The water moccasin bites you but does no damage.
You shoot an arrow.
The arrow closely misses the water moccasin.
The arrow hits the adder.
You kill the adder!
You hear an angry hiss.
The water moccasin bites you.
You are lethally poisoned!
The water moccasin poisons you! You block the water moccasin's attack.
You shoot an arrow. The arrow misses the water moccasin.
The arrow hits the sleepcap but does no damage.
You feel very sick. The water moccasin barely misses you.
You shoot an arrow.
The arrow closely misses the water moccasin.
The arrow hits the sleepcap!
The sleepcap is moderately damaged.
You feel sick. The water moccasin closely misses you.
You shoot an arrow.
The arrow hits the water moccasin but does no damage.
The water moccasin is lightly wounded.
You feel sick. The water moccasin bites you!
You die...

#####
~~~~~##
~...~~.
..00.~.##
..ffc~.h###
....l~#.ff#
~.f.S~..#S#
~~~~~####@#
.### #.#
#.# #.# .>#
..# ...
...#


You could see a water moccasin, 2 sleepcaps and a hound.

Vanquished Creatures
  2 black bears (D:4)
  An ogre (D:4)
  3 hounds
  A jelly (D:3)
  An iguana (D:5)
  A sleepcap (D:4)
  5 adders
  2 ufetubi (D:5)
  3 dart slugs
  A ribbon worm (D:2)
  3 orcs
  7 ball pythons
  6 bats
  5 endoplasms
  2 giant cockroaches
  3 goblins
  5 hobgoblins
  7 quokkas
  3 frilled lizards
  8 kobolds
  4 rats
73 creatures vanquished.

Notes
Turn   | Place    | Note
-------+----------+-------------------------------------------
     0 | D:1      | qw the Deep Elf Hunter began the quest for the Orb.
     0 | D:1      | Reached XP level 1. HP: 12/12 MP: 3/3
     0 | D:1      | 0 ||| qw: Version: 0.3-a-155-g5e7d8dd
     0 | D:1      | 0 ||| qw: Game counter: 2317
     0 | D:1      | 0 ||| qw: Melee chars always use a shield: true
     0 | D:1      | 0 ||| qw: God list: Okawaru
     0 | D:1      | 0 ||| qw: Allow faded altars: false
     0 | D:1      | 0 ||| qw: Do Orc after clearing Dungeon:15 true
     0 | D:1      | 0 ||| qw: Do second Lair branch before Depths: true
     0 | D:1      | 0 ||| qw: Lair rune preference: random
     0 | D:1      | 0 ||| qw: Goals: Normal
     0 | D:1      | 0 ||| PLANNING D:1-11
    92 | D:1      | Reached XP level 2. HP: 16/16 MP: 4/4
    94 | D:1      | Reached skill level 6 in Ranged Weapons
   336 | D:1      | 336 ||| UPGRADING to +0 pair of gloves.
   341 | D:1      | 341 ||| UPGRADING to +0 ring mail.
   351 | D:1      | 351 ||| DROPPING +0 leather armour.
   352 | D:1      | 352 ||| UPGRADING to amulet of reflection.
   357 | D:1      | 357 ||| READING scroll labelled XEWNUU LAER.
   357 | D:1      | 357 ||| IDENTIFYING golden potion
   358 | D:1      | 358 ||| DROPPING scroll of butterflies.
   359 | D:1      | 359 ||| DROPPING potion of attraction.
   449 | D:2      | Identified the +4 cloak "Icoxyses" {rF+++ Str+5 Int-4
                  | Stlth+}
   569 | D:2      | Reached XP level 3. HP: 20/20 MP: 5/5
   816 | D:2      | Reached skill level 7 in Ranged Weapons
   997 | D:2      | 997 ||| UPGRADING to +4 cloak "Icoxyses" {rF+++ Str+5 Int-4
                  | Stlth+}.
  1002 | D:2      | 1002 ||| UPGRADING to +0 pair of boots.
  1007 | D:2      | 1007 ||| READING 3 scrolls of identify.
  1007 | D:2      | 1007 ||| IDENTIFYING fuming emerald potion
  1008 | D:2      | 1008 ||| READING 2 scrolls of identify.
  1008 | D:2      | 1008 ||| IDENTIFYING 2 yellow potions
  1009 | D:2      | 1009 ||| READING scroll of identify.
  1009 | D:2      | 1009 ||| IDENTIFYING scroll labelled OSOPIXZULE
  1024 | D:3      | Found a sparkling altar of Nemelex Xobeh.
  1037 | D:3      | Reached XP level 4. HP: 25/25 MP: 6/6
  1708 | D:3      | 1708 ||| UPGRADING to +4 ring of protection.
  1709 | D:3      | 1709 ||| READING 3 scrolls labelled RUSTRA NOKKACH.
  1710 | D:3      | 1710 ||| READING 3 scrolls labelled FAEZUR ROFAUPA.
  1711 | D:3      | 1711 ||| READING scroll labelled JEZEQYASI PEZU.
  1712 | D:3      | 1712 ||| DROPPING 2 scrolls of blinking.
  1713 | D:3      | 1713 ||| DROPPING 2 scrolls of noise.
  1715 | D:3      | 1715 ||| Stepping ~*~*~tactically~*~*~ (cloud).
  1817 | D:4      | Found a broken altar of Ashenzari.
  1872 | D:4      | Reached skill level 8 in Ranged Weapons
  2004 | D:4      | Reached XP level 5. HP: 29/29 MP: 7/7
  2148 | D:4      | Found a snail-covered altar of Cheibriados.
  2191 | D:4      | Found a bloodstained altar of Trog.
  2191 | D:4      | Noticed a black bear
  2191 | D:4      | Noticed a black bear
  2192 | D:4      | 2192 ||| RETREEEEATING.
  2193 | D:4      | 2193 ||| RETREEEEATING.
  2200 | D:4      | Noticed an ogre
  2204 | D:4      | Killed a black bear
  2205 | D:4      | Reached skill level 9 in Ranged Weapons
  2212 | D:4      | Killed a black bear
  2213 | D:4      | Reached skill level 1 in Armour
  2213 | D:4      | Reached XP level 6. HP: 17/34 MP: 8/8
  2418 | D:4      | Reached skill level 3 in Dodging
  2438 | D:4      | Found a sacrificial altar of Ru.
  2675 | D:4      | 2675 ||| DROPPING amulet of regeneration.
  2676 | D:4      | 2676 ||| READING 2 scrolls of identify.
  2676 | D:4      | 2676 ||| IDENTIFYING lumpy blue potion
  2677 | D:4      | 2677 ||| READING scroll of identify.
  2677 | D:4      | 2677 ||| IDENTIFYING murky emerald potion
  2678 | D:4      | 2678 ||| READING scroll labelled TADGHA MUINN.
  2678 | D:4      | 2678 ||| ENCHANTING +0 pair of gloves.
  2679 | D:4      | 2679 ||| READING scroll labelled NUOS BENGU.
  2680 | D:4      | 2680 ||| READING scroll labelled CIONGE BUGHE.
  2745 | D:4      | 2745 ||| READING scroll labelled HYQOGESHRIV.
  2776 | D:5      | Entered Level 5 of the Dungeon
  2878 | D:5      | Reached XP level 7. HP: 40/40 MP: 9/9
  2915 | D:5      | HP: 4/40 [ogre/+0 giant club (18)]
  2916 | D:5      | 2916 ||| READING scroll of teleportation.
  2920 | D:5      | Found a shimmering altar of Xom.
  2921 | D:5      | 2921 ||| RETREEEEATING.
  2922 | D:5      | 2922 ||| RETREEEEATING.
  2923 | D:5      | 2923 ||| FLEEEEING.
  2924 | D:5      | 2924 ||| RETREEEEATING.
  2933 | D:5      | Reached skill level 10 in Ranged Weapons
  2934 | D:5      | HP: 8/40 [water moccasin (1)]
  2937 | D:5      | HP: 3/40 [poisoned by a water moccasin]
  2937 | D:5      | Slain by a water moccasin

Levels and vault maps discovered:
D:1:      roderic_chinese_lattice_arrival, layout_rooms, solitary_fountain
D:2:      layout_basic
D:3:      layout_basic, old_standard_altar
D:4:      layout_rooms, nicolae_ashenzari_panopticon, kennysheep_slug_shrine,
          kennysheep_little_box, trog_ov_bears_minmay,
          nicolae_overflow_hidden_temple, serial_corexii_hall,
          chequers_hall_statues_y, chequers_hall_statues_y
D:5:      layout_loops_corners, lemuel_round_altar, xom_confusion_cloud

Skill      XL: |  1  2  3  4  5  6  7 |
---------------+----------------------+-----
Ranged Weapons | 6 7 8 9 10 | 10.1
Armour         | 1 |  1.7
Fighting       | 2 |  2.5
Dodging        | 3 |  3.0
Stealth        | |  1.2

Action                     |  1- 3 |  4- 6 |  7- 9 || total
---------------------------+-------+-------+-------++-------
   Fire: Shortbow          |    93 |   138 |    28 ||   259
    Use: Scroll            |     4 |     9 |     1 ||    14
 Armour: Ring mail         |     7 |    70 |     9 ||    86
  Dodge: Dodged            |    12 |    59 |     8 ||    79
  Block: Other             |     1 |    26 |     8 ||    35
         Reflection        |       |       |     1 ||     1

Table legend:
 A = Non-vault XP
 B = Vault XP
 C = Vault XP percentage of total XP
 D = Non-vault monster count
 E = Vault monster count
 F = Vault count percentage of total count
                 A         B        C        D         E       F
            +---------+---------+-------+---------+---------+-------
      Total |     495 |     320 |  39.3 |      68 |       5 |   6.8
            +---------+---------+-------+---------+---------+-------
        D:1 |      30 |       0 |   0.0 |      18 |       0 |   0.0
        D:2 |      38 |       0 |   0.0 |      21 |       0 |   0.0
        D:3 |      65 |       0 |   0.0 |       8 |       0 |   0.0
        D:4 |     263 |     261 |  49.8 |      16 |       3 |  15.8
        D:5 |      99 |      59 |  37.3 |       5 |       2 |  28.6
            +---------+---------+-------+---------+---------+-------
